AoeStats
← 鄙人張麻子

Arabia

503329971Analyzed
1v1 RM · 1mo ago on Aug 31, 2026· 23m 6s· 2 players
Game mode
Random Map
Map size
Tiny (2 player)
Population
200
Speed
Normal
Resources
Standard
Victory
Conquest
Starting age
Dark Age
Ending age
Imperial Age
RankedLock teamsTeams togetherTeam positionsShared explorationLock speedFull tech treeHidden civsTurbo modeCheats
Victory
Defeat
🇺🇸 Maya · United States
1245
+18
🇹🇼 Japanese · Taiwan
1283
-18
WeSkillNow
0:26 Loom
10:30 Feudal Age
11:13 Double-Bit Axe
14:31 Fletching
17:54 Padded Archer Armor
22:38 Castle Age
22:46 Crossbowman
23:22 Bodkin Arrow
鄙人張麻子
7:32 Loom
9:28 Feudal Age
10:19 Double-Bit Axe
10:28 Horse Collar
14:10 Fletching
16:13 Wheelbarrow
22:17 Castle Age
20:33 Gold Mining
21:53 Scale Barding Armor
22:46 Bloodlines
Connection lost

Rejoining the realm…

Still unreachable

The connection could not be restored.

Session expired

The server has moved on; the page needs a fresh start.